[Event "*** Titled Tuesday Blitz"]
[Site "Chess.com"]
[Date "2019.02.05"]
[Round "6"]
[White "Annawel"]
[Black "Lord_Neezy"]
[Result "1-0"]
[WhiteElo "2926"]
[BlackElo "2176"]
[TimeControl "180+2"]
[EndTime "14:21:23 PST"]
[Termination "Annawel won on time"]

1. b3 Nf6 2. Bb2 e6 3. g3 d5 4. Bg2 Be7 5. Nf3 a5 6. Nc3 Nbd7 7. O-O O-O 8. d3 c6 9. e4 b5 10. e5 Ne8 11. a4 Ba6 12. Re1 Nc7 13. axb5 cxb5 14.
Rxa5 Bb4 15. Ra1 Bb7 16. Qe2 Qe7 17. d4 Nb6 18. Red1 Bxc3 19. Bxc3 b4 20. Bb2 Ba6 21.
Qd2 Rfc8 22. Ne1 Nb5 23. Bf1 Nc7 24. Nd3 Bxd3 25. Bxd3 Rxa1 26. Rxa1 Ra8 27. Rxa8+ Ncxa8 28. c4 bxc3 29. Qxc3 g6 30. Qc5 Qa7 31. Ba3 Qb8 32. h4 h5 33. Qe7 Qc8 34. Bc5 Nd7 35. b4 Nab6 36. Bb5 1-0

[Event "*** Titled Tuesday Blitz"]
[Site "Chess.com"]
[Date "2019.02.05"]
[Round "6"]
[White "GukeshDommaraju"]
[Black "jsdbv18"]
[Result "1-0"]
[WhiteElo "2692"]
[BlackElo "2487"]
[TimeControl "180+2"]
[EndTime "14:21:25 PST"]
[Termination "GukeshDommaraju won by resignation"]

1. e4 c5 2. Nf3 d6 3. Bb5+ Nd7 4. Ba4 Nf6 5. O-O g6 6. Re1 Bg7 7. c3 O-O 8. d4 e6 9. h3 a6 10. Bc2 b6 11. a4 Bb7 12. Na3 Rc8 13. Nc4 Ne8 14.
dxc5 Nxc5 15. a5 b5 16. Nb6 Rb8 17. Bg5 Bf6 18. Bh6 Bg7 19. Qd2 Nf6 20. Bxg7 Kxg7 21. Rad1 Nfxe4 22. Bxe4 Bxe4 23. Qd4+ e5 24. Qxc5 Bxf3 25.
Rxd6 Qg5 26. Qxe5+ Qxe5 27. Rxe5 Bb7 28. Re7 Rfe8 29.
Rc7 Re1+ 30. Kh2 Re2 31. Rdd7 Rxf2 32. Rxb7 Rxb7 33. Rxb7 Rxb2 34. Ra7 Rb3 35. Nd5 1-0

[Event "*** Titled Tuesday Blitz"]
[Site "Chess.com"]
[Date "2019.02.05"]
[Round "6"]
[White "WhiteKnight2612"]
[Black "VerdeNotte"]
[Result "0-1"]
[WhiteElo "2567"]
[BlackElo "2837"]
[TimeControl "180+2"]
[EndTime "14:21:33 PST"]
[Termination "VerdeNotte won by resignation"]

1. Nf3 g6 2. g3 b6 3. Bg2 Bb7 4.
O-O c5 5. b3 Bg7 6. Nc3 d5 7.
d4 cxd4 8. Nxd4 e5 9. Nf3 d4 10. Nb5 a6 11. Na3 e4 12. Ng5 Nf6 13. Bb2 h6 14. Nh3 Nc6 15. e3 dxe3 16. fxe3 Qe7 17. Nc4 Rd8 18. Qe2 b5 19. Nd2 O-O 20. Rad1 Nb4 21.
Ba3 Nfd5 22. Nxe4 Qc7 23. c4 Qa5 24. cxd5 Qxa3 25. d6 Qxa2 26. Qxa2 Nxa2 27. Nf6+ Bxf6 28. Rxf6 Nc3 29. Rd4 Ne2+ 30. Kf2 Nxd4 31. Bxb7 Nf5 32.
Bxa6 Rxd6 33. Rxd6 Nxd6 34. e4 Nxe4+ 35. Ke3 Nd6 36.
Kd4 Ra8 37. Kc5 Rxa6 38. Nf4 Ne4+ 39. Kxb5 Ra2 40. b4 Rxh2 41. Kc6 Nxg3 42. b5 Rc2+ 43. Kd5 Rb2 44. Kc6 Nf5 45. b6 Nd4+ 46. Kc7 Ne6+ 47.
Nxe6 fxe6 48. b7 e5 49. b8=Q+ Rxb8 50. Kxb8 e4 0-1

[Event "*** Titled Tuesday Blitz"]
[Site "Chess.com"]
[Date "2019.02.05"]
[Round "6"]
[White "Quiet_Desperation"]
[Black "Kurai"]
[Result "1/2-1/2"]
[WhiteElo "2412"]
[BlackElo "2478"]
[TimeControl "180+2"]
[EndTime "14:21:34 PST"]
[Termination "Game drawn by repetition"]

1. e4 e5 2. Nf3 Nc6 3. Bb5 a6 4. Ba4 Nf6 5. d3 d6 6. h3 Be7 7.
O-O b5 8. Bb3 O-O 9. c3 h6 10.
Re1 Be6 11. Nbd2 Qc8 12. Kh2 Rd8 13. Nf1 Bxb3 14. axb3 Rb8 15. Ng3 Bf8 16. Nf5 Ne7 17. N3h4 Nxf5 18. Nxf5 Kh7 19. Qf3 Ng8 20. Be3 c5 21. d4 g6 22. Ng3 Qb7 23. dxc5 dxc5 24. Red1 Kg7 25. Qg4 Kh7 26. Qf3 Kg7 27. Qg4 Kh7 28.
Qf3 Kg7 1/2-1/2

[Event "*** Titled Tuesday Blitz"]
[Site "Chess.com"]
[Date "2019.02.05"]
[Round "6"]
[White "OscarAng"]
[Black "saraswathii"]
[Result "0-1"]
[WhiteElo "2401"]
[BlackElo "2277"]
[TimeControl "180+2"]
[EndTime "14:21:35 PST"]
[Termination "saraswathii won by resignation"]

1. d4 Nf6 2. Bg5 g6 3. Nc3 Bg7 4. e4 d6 5. Qd2 O-O 6. O-O-O a6 7. f4 b5 8. e5 dxe5 9. dxe5 Nfd7 10. Nd5 Re8 11.
Nf3 c6 12. Ne3 Qc7 13. Kb1 Nc5 14. h3 a5 15. Qc3 Ne4 16. Qd3 Nf2 17. Qe2 Nxh1 18.
Bh4 Be6 19. g4 Na6 20. Bg2 Rad8 21. Rxh1 Nb4 22. a3 Nd5 23. Nd4 Nxf4 24. Nxe6 Nxe6 25. Rf1 Qxe5 26. c3 Nf4 27. Qf2 Nxg2 28. Qxf7+ Kh8 29.
Nxg2 Qe4+ 30. Ka2 Qxg2 31. Bxe7 Qd5+ 32. c4 Qxf7 33. Rxf7 Rd7 0-1

[Event "*** Titled Tuesday Blitz"]
[Site "Chess.com"]
[Date "2019.02.05"]
[Round "6"]
[White "Mbneu"]
[Black "NikolasTheiss"]
[Result "0-1"]
[WhiteElo "2257"]
[BlackElo "2216"]
[TimeControl "180+2"]
[EndTime "14:21:36 PST"]
[Termination "NikolasTheiss won by resignation"]

1. d4 f5 2. e4 fxe4 3. Nc3 Nf6 4.
f3 d5 5. Bg5 Bf5 6. Nge2 exf3 7. Ng3 f2+ 8. Kxf2 e6 9. Nxf5 exf5 10. Bb5+ c6 11. Re1+ Kf7 12. Bd3 g6 13. Kg1 Bg7 14. g4 fxg4 15. Bxf6 Bxf6 16. Qxg4 Nd7 17. Ne2 Re8 18.
c3 Re3 19. Nf4 Qe7 20. Kh1 Rxe1+ 21. Rxe1 Qxe1+ 22. Kg2 Nf8 0-1

[Event "*** Titled Tuesday Blitz"]
[Site "Chess.com"]
[Date "2019.02.05"]
[Round "6"]
[White "Witik"]
[Black "Fy_Rakotomaharo"]
[Result "1-0"]
[WhiteElo "2643"]
[BlackElo "2475"]
[TimeControl "180+2"]
[EndTime "14:21:37 PST"]
[Termination "Witik won by resignation"]

1. d4 Nf6 2. c4 g6 3. Nc3 d5 4.
cxd5 Nxd5 5. e4 Nxc3 6. bxc3 Bg7 7. Bg5 h6 8. Bh4 c5 9. Rc1 Qa5 10. Qd2 e6 11. Nf3 O-O 12. Be2 Nc6 13. d5 exd5 14.
exd5 Ne5 15. Nxe5 Bxe5 16. O-O Bf5 17. Qxh6 Bxc3 18. Be7 Rfe8 19. d6 Bd2 20. Qh4 g5 21. Bxg5 Rxe2 22. Bf6 Bh7 23. Qg4+ Bg6 24. Qxe2 Bxc1 25.
Rxc1 Qa6 26. Qd2 Kh7 27. Rc3 Bf5 28. Qg5 1-0

[Event "*** Titled Tuesday Blitz"]
[Site "Chess.com"]
[Date "2019.02.05"]
[Round "6"]
[White "Witaliss"]
[Black "Arystanner"]
[Result "1/2-1/2"]
[WhiteElo "2381"]
[BlackElo "2728"]
[TimeControl "180+2"]
[EndTime "14:21:38 PST"]
[Termination "Game drawn by repetition"]

1. d4 Nf6 2. Nf3 e6 3. c4 d5 4. cxd5 exd5 5. Nc3 c6 6. Bg5 Bf5 7. e3 Nbd7 8. Bd3 Bxd3 9. Qxd3 Be7 10. O-O h6 11.
Bxf6 Nxf6 12. Rab1 a5 13. a3 O-O 14. b4 axb4 15.
axb4 b5 16. Ne5 Ra3 17. Nxc6 Ne4 18. Nxe7+ Qxe7 19. Nxd5 Rxd3 20. Nxe7+ Kh7 21. Rfd1 Ra3 22. Rdc1 Re8 23. Nd5 Rd8 24. Nf4 Ra2 25. Nd3 Rda8 26. f3 R8a3 27. fxe4 Rxd3 28. Ra1 Rb2 29. Rab1 Ra2 30.
Ra1 Rb2 31. Rab1 Ra2 32. Ra1 Rb2 1/2-1/2

[Event "*** Titled Tuesday Blitz"]
[Site "Chess.com"]
[Date "2019.02.05"]
[Round "6"]
[White "wenx95"]
[Black "FrankieJay"]
[Result "1-0"]
[WhiteElo "2515"]
[BlackElo "2377"]
[TimeControl "180+2"]
[EndTime "14:21:55 PST"]
[Termination "wenx95 won by resignation"]

1. c4 Nf6 2. g3 g6 3. Bg2 Bg7 4. Nc3 O-O 5. e4 e5 6. Nge2 Nc6 7. d3 d6 8. O-O Rb8 9. h3 a6 10. a4 Nd4 11. Be3 Nxe2+ 12. Qxe2 Nd7 13. f4 f5 14. exf5 gxf5 15. Rae1 exf4 16. Bxf4 Nf6 17. Nd5 Nxd5 18. Bxd5+ Kh8 19. Qe7 Bd7 20. b3 Bc6 21. Qxd8 Rbxd8 22. Re7 Rd7 23. Rfe1 Bd4+ 24.
Kg2 Bxd5+ 25. cxd5 Rf7 26. Rxf7 Rxf7 27. Bh6 Be5 28.
d4 Rf6 29. dxe5 Rxh6 30. e6 1-0

[Event "*** Titled Tuesday Blitz"]
[Site "Chess.com"]
[Date "2019.02.05"]
[Round "6"]
[White "FearNoEvil12"]
[Black "ecwinslow"]
[Result "1-0"]
[WhiteElo "1953"]
[BlackElo "1989"]
[TimeControl "180+2"]
[EndTime "14:21:57 PST"]
[Termination "FearNoEvil12 won by resignation"]

1. e4 d6 2. Nc3 g6 3. f4 Bg7 4. Nf3 c6 5. Bc4 e6 6. Bb3 d5 7. O-O Nf6 8. e5 Nfd7 9. d4 a6 10. Ne2 c5 11. c3 Nc6 12. Be3 O-O 13. Bc2 f5 14. exf6 Nxf6 15. Ne5 Nxe5 16. fxe5 Nd7 17.
Nf4 Qe7 18. Qg4 cxd4 19. cxd4 Nb6 20. Bxg6 hxg6 21. Nxg6 Rxf1+ 22. Rxf1 Qe8 23. Qh5 Nd7 24. Bh6 b5 25. Qg5 Ra7 26. Ne7+ 1-0

[Event "*** Titled Tuesday Blitz"]
[Site "Chess.com"]
[Date "2019.02.05"]
[Round "6"]
[White "EugeneRougon"]
[Black "KhalilMousavi77"]
[Result "1-0"]
[WhiteElo "2585"]
[BlackElo "2724"]
[TimeControl "180+2"]
[EndTime "14:22:04 PST"]
[Termination "EugeneRougon won by resignation"]

1. e4 e6 2. d4 d5 3. Nd2 c5 4.
Ngf3 Nc6 5. Bb5 Bd6 6. exd5 exd5 7.
dxc5 Bxc5 8. O-O Ne7 9. Nb3 Bd6 10. Nbd4 O-O 11. Bg5 f6 12. Bh4 Bg4 13. Be2 a6 14.
Bg3 Kh8 15. Nxc6 bxc6 16. Nd4 Bxe2 17. Qxe2 Bxg3 18. hxg3 Qb6 19. c3 Ng6 20. Rfe1 Ne5 21. Rad1 a5 22. f4 Nc4 23. b3 Nd6 24. Qe6 Rad8 25.
Kh2 h6 26. Qg4 Rf7 27. Re6 Qc5 28. Qg6 Rdf8 29. b4 axb4 30. Nb3 Qxc3 31. Rxd6 Ra7 32.
Rc1 Qe3 33. Rdxc6 Rxa2 34. Rc8 Ra8 35. R1c7 1-0

[Event "*** Titled Tuesday Blitz"]
[Site "Chess.com"]
[Date "2019.02.05"]
[Round "6"]
[White "Torrentec"]
[Black "AliKa2810"]
[Result "0-1"]
[WhiteElo "2404"]
[BlackElo "2472"]
[TimeControl "180+2"]
[EndTime "14:22:05 PST"]
[Termination "AliKa2810 won by resignation"]

1. e4 e5 2. Nf3 Nf6 3. Nxe5 d6 4. Nf3 Nxe4 5. Nc3 Nxc3 6. dxc3 Be7 7. Bd3 Nc6 8. O-O Be6 9. Re1 Qd7 10. a4 O-O 11. Bf4 Bf5 12. Bg3 Rae8 13. Bxf5 Qxf5 14. Qd3 Qxd3 15. cxd3 g5 16. Nd2 f5 17. f3 f4 18.
Bf2 Ne5 19. d4 Nd3 20. Reb1 d5 21. b4 Bf6 22. Kf1 Nxf2 23. Kxf2 Re3 24. Rc1 Rxc3 25. Rxc3 Bxd4+ 26. Ke2 Bxc3 27. Rc1 Re8+ 28. Kd1 Re3 29. b5 Rd3 30. Rc2 c5 31. bxc6 bxc6 32. Ke2 Rxd2+ 33.
Rxd2 Bxd2 34. Kxd2 c5 0-1

[Event "*** Titled Tuesday Blitz"]
[Site "Chess.com"]
[Date "2019.02.05"]
[Round "6"]
[White "KRASAVCHIK2002"]
[Black "VFernandezB"]
[Result "1-0"]
[WhiteElo "2284"]
[BlackElo "2178"]
[TimeControl "180+2"]
[EndTime "14:22:08 PST"]
[Termination "KRASAVCHIK2002 won by checkmate"]

1. e4 c5 2. Nf3 Nc6 3. d4 cxd4 4.
Nxd4 g6 5. Nc3 Bg7 6. Be3 Nf6 7.
Qd2 O-O 8. O-O-O Ng4 9. Nxc6 bxc6 10. Bd4 e5 11. Be3 Nxe3 12. Qxe3 Qa5 13. Bc4 Rb8 14. Bb3 d5 15. exd5 cxd5 16. Nxd5 Be6 17. Kb1 Rfd8 18. Ne7+ Kh8 19. Nc6 Qc7 20. Nxd8 Bxb3 21. axb3 Rxd8 22.
Rxd8+ Qxd8 23. Qxa7 e4 24. Qxf7 h6 25. Qxg6 Qd4 26.
c3 Qd3+ 27. Ka2 Qc2 28. Qe8+ Kh7 29. Re1 Qxf2 30. Qxe4+ Kg8 31. Qc4+ Kh7 32. Qd3+ Kg8 33. Re8+ Kf7 34. Qd7+ Kg6 35. Re6+ Kf5 36. Re2+ Kg5 37. Rxf2 Bxc3 38. Qf5+ Kh4 39. g3# 1-0

[Event "*** Titled Tuesday Blitz"]
[Site "Chess.com"]
[Date "2019.02.05"]
[Round "6"]
[White "RaphaeI"]
[Black "AttilaTurzo"]
[Result "0-1"]
[WhiteElo "2559"]
[BlackElo "2397"]
[TimeControl "180+2"]
[EndTime "14:22:13 PST"]
[Termination "AttilaTurzo won by resignation"]

1. d4 d5 2. Nf3 c6 3. Bf4 Qb6 4. Qc1 Bf5 5. e3 Nf6 6. c4 e6 7.
Nc3 Be7 8. h3 O-O 9. Nh4 Be4 10.
Nxe4 Nxe4 11. Nf3 Bb4+ 12. Ke2 Qa6 13. a3 Be7 14. Ke1 Qb6 15. Bd3 c5 16. b4 cxb4 17.
c5 Qa5 18. axb4 Qxb4+ 19. Ke2 Nc3+ 20. Kf1 b6 21. cxb6 a5 22. Ra3 Qxa3 23. Qxa3 Bxa3 0-1

[Event "*** Titled Tuesday Blitz"]
[Site "Chess.com"]
[Date "2019.02.05"]
[Round "6"]
[White "Rakesh"]
[Black "sergeikim"]
[Result "1-0"]
[WhiteElo "2340"]
[BlackElo "2456"]
[TimeControl "180+2"]
[EndTime "14:22:15 PST"]
[Termination "Rakesh won by resignation"]

1. e4 e5 2. d4 exd4 3. Qxd4 Nc6 4. Qe3 Nf6 5. Nc3 Bb4 6. Bd2 O-O 7. O-O-O Re8 8. Qg3 d6 9. f3 Kh8 10. h4 h6 11. Qf2 Be6 12. g4 Bc5 13. Qg2 a6 14. h5 Nh7 15. f4 b5 16. g5 b4 17. Nd5 Bxd5 18. exd5 Nd4 19. gxh6 gxh6 20. Bd3 Qf6 21. Nh3 a5 22. Rdf1 a4 23. Ng5 Nf8 24.
Rhg1 a3 25. Ne4 Ne2+ 26. Bxe2 Qxb2+ 27. Kd1 Nh7 28. Bc3+ Qxc3 29. Nxc3 Bd4 30. Nb5 Bf6 31. Nxc7 Rg8 32. Nxa8 1-0

[Event "*** Titled Tuesday Blitz"]
[Site "Chess.com"]
[Date "2019.02.05"]
[Round "6"]
[White "Angry_Serb"]
[Black "GelmanAlexander"]
[Result "0-1"]
[WhiteElo "2524"]
[BlackElo "2508"]
[TimeControl "180+2"]
[EndTime "14:22:23 PST"]
[Termination "GelmanAlexander won by resignation"]

1. e4 c5 2. Nc3 e6 3. Nf3 a6 4.
Be2 d6 5. d4 cxd4 6. Qxd4 Nc6 7. Qe3 Nf6 8. O-O Be7 9. Rd1 Qc7 10. h3 O-O 11. a4 b6 12. b3 Bb7 13. Ba3 Rac8 14.
Rac1 Rfd8 15. Bb2 Nd7 16. Nd2 Bf6 17. Nc4 Nc5 18. Bf3 h6 19. Ne2 Bxb2 20. Nxb2 Ne5 21. Ng3 Nxf3+ 22. gxf3 d5 23. Re1 d4 24. Qe2 Qf4 25. Nd3 Nxd3 26. Qxd3 Rc3 27. Qe2 Rxf3 28.
Nh5 Qg5+ 29. Kh2 Qxh5 30. Qf1 e5 31. Qg2 Bc8 0-1

[Event "*** Titled Tuesday Blitz"]
[Site "Chess.com"]
[Date "2019.02.05"]
[Round "6"]
[White "BillForster"]
[Black "Orlovachess"]
[Result "1-0"]
[WhiteElo "1709"]
[BlackElo "1405"]
[TimeControl "180+2"]
[EndTime "14:22:24 PST"]
[Termination "BillForster won on time"]

1. d4 c5 2. d5 e5 3. Nc3 d6 4.
e4 a6 5. a4 b6 6. f4 exf4 7.
Bxf4 Ne7 8. Bg5 h6 9. Bh4 g5 10. Bg3 Ng6 11. Nf3 Nd7 12. Be2 Qe7 13. Qd2 Bg7 14.
O-O-O b5 15. Rhe1 b4 16. Na2 Qf6 17. c4 bxc3 18. Nxc3 O-O 19. Bc4 Nb6 20. Ba2 Rb8 21. e5 dxe5 22. Nxe5 1-0

[Event "*** Titled Tuesday Blitz"]
[Site "Chess.com"]
[Date "2019.02.05"]
[Round "6"]
[White "regular_legs"]
[Black "Alexander_Donchenko"]
[Result "0-1"]
[WhiteElo "2481"]
[BlackElo "2675"]
[TimeControl "180+2"]
[EndTime "14:22:26 PST"]
[Termination "Alexander_Donchenko won by resignation"]

1. d4 Nf6 2. c4 e6 3. Nc3 Bb4 4. f3 O-O 5. a3 Bxc3+ 6. bxc3 c5 7. e4 Nc6 8. d5 Ne5 9. f4 Ng6 10. e5 Ne8 11. Nf3 d6 12. Be2 Nc7 13. dxe6 Bxe6 14.
Qxd6 Qxd6 15. exd6 Ne8 16. Be3 b6 17. O-O-O Rd8 18.
Ng5 Bc8 19. Ne4 f5 20. Ng5 Nxd6 21. Bf3 Nxc4 22. Rxd8 Rxd8 23. Re1 h6 24. Nh3 Nxa3 25. Bh5 Nh4 26. Re2 Nc4 27. g3 g6 28. gxh4 gxh5 29.
Bf2 Kf7 30. Be1 Rg8 31. Bg3 Re8 32. Ra2 a5 33. Nf2 Re3 34. Nd1 Rd3 35. Rf2 Be6 36.
Re2 a4 0-1

[Event "*** Titled Tuesday Blitz"]
[Site "Chess.com"]
[Date "2019.02.05"]
[Round "6"]
[White "HrvojeZagreb"]
[Black "Kawhi_Leonard2"]
[Result "0-1"]
[WhiteElo "2106"]
[BlackElo "2238"]
[TimeControl "180+2"]
[EndTime "14:22:28 PST"]
[Termination "Kawhi_Leonard2 won by checkmate"]

1. d4 Nf6 2. Bf4 e6 3. e3 d5 4. Bd3 Bd6 5. Bg3 O-O 6. Nf3 c5 7. c3 Nc6 8. Nbd2 b6 9. Ne5 Qc7 10. f4 Bb7 11. Bh4 Be7 12. Bxf6 Bxf6 13. Qf3 Ne7 14.
Qh3 g6 15. g4 Bg7 16. g5 Nf5 17. Bxf5 exf5 18. Qg3 f6 19. gxf6 Bxf6 20. h4 Kh8 21. h5 g5 22. fxg5 Bxe5 23. dxe5 Rae8 24. Nf3 d4 25.
exd4 cxd4 26. cxd4 f4 27. Qf2 Qc4 28. Rd1 Qb4+ 29.
Kf1 Rc8 30. g6 Be4 31. d5 Rc2 32. g7+ Kxg7 33. Rg1+ Kh8 34. Qd4 Qb5+ 35. Ke1 Qe2# 0-1

[Event "*** Titled Tuesday Blitz"]
[Site "Chess.com"]
[Date "2019.02.05"]
[Round "6"]
[White "AsaHoffmann"]
[Black "DonPreuss"]
[Result "1/2-1/2"]
[WhiteElo "2182"]
[BlackElo "2180"]
[TimeControl "180+2"]
[EndTime "14:22:28 PST"]
[Termination "Game drawn by repetition"]

1. d4 Nc6 2. Nc3 e5 3. Nf3 exd4 4. Nxd4 Bc5 5. Nf5 Qf6 6. e4 Nge7 7. Ne3 O-O 8. Be2 d6 9. O-O Qg6 10. Bh5 Qe6 11.
Ned5 Qd7 12. h3 Nxd5 13. Nxd5 Ne5 14. Kh1 c6 15. Ne3 Bxe3 16. Bxe3 f5 17. f4 Nc4 18. Bd4 fxe4 19. b3 Nb6 20. c4 d5 21. Rc1 Qe7 22. cxd5 Nxd5 23. Bc5 Qf6 24. Bxf8 Qxf8 25. Qd4 Qe7 26. Rce1 Bf5 27. g4 Qh4 28. Kg2 g6 29.
gxf5 gxh5 30. Qxe4 Kh8 31. Qe5+ Nf6 32. Kh2 Rg8 33.
Rg1 Qf2+ 34. Kh1 Qf3+ 35. Kh2 Qf2+ 36. Kh1 Qf3+ 37. Kh2 Qf2+ 38. Kh1 1/2-1/2

[Event "*** Titled Tuesday Blitz"]
[Site "Chess.com"]
[Date "2019.02.05"]
[Round "6"]
[White "IMRosen"]
[Black "GM_shahin"]
[Result "0-1"]
[WhiteElo "2517"]
[BlackElo "2733"]
[TimeControl "180+2"]
[EndTime "14:22:29 PST"]
[Termination "GM_shahin won on time"]

1. d4 Nf6 2. Bf4 e6 3. e3 d5 4.
Nd2 c5 5. Ngf3 Nc6 6. c3 Qb6 7. Qb3 c4 8. Qc2 Nh5 9. Bg5 f6 10. Bh4 g5 11. Bg3 e5 12. dxe5 g4 13. Nd4 Nxg3 14.
hxg3 fxe5 15. Nxc6 bxc6 16. Rxh7 Rxh7 17. Qxh7 Qxb2 18.
Qg6+ Kd8 19. Rb1 Qxc3 20. Qxc6 Bb4 21. Qxd5+ Ke7 22. Rxb4 Qxb4 23. Qxa8 c3 24. Qxc8 cxd2+ 25. Kd1 Qb1+ 26. Kxd2 Qxf1 27. Qc7+ Ke6 28. Qc6+ Kf5 29. Qc2+ Kg5 30. Kc3 Qxg2 31. Qd2 Qc6+ 32. Kd3 Qg6+ 33.
Ke2 Qa6+ 34. Ke1 Qc4 35. Qd8+ Kf5 36. Qd7+ Kf6 37. Qxa7 Qc1+ 38. Ke2 Qc4+ 39. Kd2 Qd5+ 40. Ke1 Qh1+ 41. Ke2 Qf3+ 42. Ke1 Qh1+ 43. Kd2 Qd5+ 44. Kc3 Qc6+ 45. Kb4 Qd6+ 46. Kb5 Qd3+ 47. Kc6 Qc2+ 48. Kd7 Qh7+ 0-1

[Event "*** Titled Tuesday Blitz"]
[Site "Chess.com"]
[Date "2019.02.05"]
[Round "6"]
[White "ZeroRealtorFade"]
[Black "Godzillator"]
[Result "0-1"]
[WhiteElo "2251"]
[BlackElo "2388"]
[TimeControl "180+2"]
[EndTime "14:22:31 PST"]
[Termination "Godzillator won by checkmate"]

1. d4 d5 2. Bf4 c5 3. e3 cxd4 4.
exd4 Nc6 5. c3 Nf6 6. Nf3 Bg4 7. Nbd2 e6 8. Bd3 Be7 9. O-O O-O 10. Re1 Bd6 11.
Bg5 Rb8 12. Qc2 h6 13. Bh4 b5 14. Ne5 Qc7 15. Bxf6 gxf6 16. Nxg4 f5 17. Ne5 Bxe5 18.
dxe5 Nxe5 19. Nf3 Nxf3+ 20. gxf3 Qf4 21. Qe2 Kh8 22. Qe5+ Qxe5 23. Rxe5 b4 24. cxb4 Rxb4 25. Re2 Rc8 26. Rb1 Kg7 27. Rc2 Rcb8 28. b3 Kf6 29. Rc7 a5 30. Ra7 Rd4 31. Bf1 a4 32. Rc7 axb3 33.
axb3 Rg8+ 34. Kh1 Rf4 35. Be2 Ra8 36. b4 Ra2 37. Re1 Rxb4 38. Kg2 Rbb2 39. Kf1 d4 40. Rd7 Rd2 41. Bc4 Rxf2+ 42. Kg1 Rg2+ 43. Kh1 Rxh2+ 44. Kg1 Rag2+ 45. Kf1 Rc2 46. Bd3 Rh1# 0-1

[Event "*** Titled Tuesday Blitz"]
[Site "Chess.com"]
[Date "2019.02.05"]
[Round "6"]
[White "Bigfish1995"]
[Black "Dr-Bassem"]
[Result "1-0"]
[WhiteElo "2963"]
[BlackElo "2768"]
[TimeControl "180+2"]
[EndTime "14:22:32 PST"]
[Termination "Bigfish1995 won by checkmate"]

1. d4 e6 2. e4 d5 3. e5 c5 4. c3 Nc6 5. Nf3 Bd7 6. Bd3 cxd4 7. cxd4 Nb4 8. Be2 Rc8 9. Nc3 Nh6 10. a3 Nc6 11.
O-O Nf5 12. g4 Nh4 13. Nxh4 Qxh4 14. Be3 Be7 15. f4 h5 16. g5 f6 17. gxf6 gxf6 18.
Kh1 Rg8 19. Qd3 f5 20. Bf2 Qxf4 21. Be3 Qh4 22. Rf4 Rg4 23. Bxg4 hxg4 24. Rg1 Nd8 25. Rgxg4 fxg4 26. Qg6+ Nf7 27. Qg8+ Bf8 28. Rxf7 Rxc3 29. Qxf8# 1-0

[Event "*** Titled Tuesday Blitz"]
[Site "Chess.com"]
[Date "2019.02.05"]
[Round "6"]
[White "Entilza"]
[Black "Morshynska"]
[Result "1-0"]
[WhiteElo "2222"]
[BlackElo "2078"]
[TimeControl "180+2"]
[EndTime "14:22:32 PST"]
[Termination "Entilza won on time"]

1. d4 Nf6 2. c4 e6 3. Nc3 Bb4 4.
e3 b6 5. Ne2 Ba6 6. a3 Bxc3+ 7.
Nxc3 d5 8. b3 O-O 9. Bd3 dxc4 10.
bxc4 Nc6 11. O-O Na5 12. Qe2 c5 13. Rd1 cxd4 14. exd4 Rc8 15. Bg5 h6 16. Bxf6 Qxf6 17. Nb5 Bxb5 18. cxb5 Nb3 19. Rab1 Nxd4 20. Qe4 g6 21. Qb7 Rc5 22. Qxa7 Rg5 23. Qxb6 Nf3+ 24. Kh1 Qf4 25. g3 Qg4 26. Be2 Qh5 27. Bxf3 Qxf3+ 28. Kg1 h5 29. Qe3 Qf6 30. b6 h4 31. b7 Rb8 32. Rdc1 Kh7 33. Rc4 1-0

[Event "*** Titled Tuesday Blitz"]
[Site "Chess.com"]
[Date "2019.02.05"]
[Round "6"]
[White "Alekseyviktorovich"]
[Black "VeraNebolsina"]
[Result "1-0"]
[WhiteElo "2331"]
[BlackElo "2375"]
[TimeControl "180+2"]
[EndTime "14:22:33 PST"]
[Termination "Alekseyviktorovich won by resignation"]

1. e4 c5 2. Nf3 d6 3. Bb5+ Bd7 4. Bxd7+ Qxd7 5. c4 Nc6 6. d4 cxd4 7. Nxd4 g6 8.
b3 Bg7 9. Bb2 Nf6 10. Nc3 O-O 11.
O-O Rfd8 12. Re1 e6 13. Rc1 Nxd4 14. Qxd4 Nd5 15. Qd2 Nxc3 16. Bxc3 Bxc3 17. Rxc3 b5 18. cxb5 Qxb5 19. Qh6 Qe5 20. Rh3 Qg7 21. Qd2 h5 22. Rd3 Qe5 23. f4 Qc5+ 24. Kh1 Rac8 25. e5 d5 26. f5 exf5 27. e6 fxe6 28. Qh6 Kf7 29. Qh7+ Kf6 30. h3 Qe7 31. Qh6 Qg7 32. Rxe6+ 1-0

[Event "*** Titled Tuesday Blitz"]
[Site "Chess.com"]
[Date "2019.02.05"]
[Round "6"]
[White "LuisFSiles"]
[Black "Caisachess"]
[Result "1-0"]
[WhiteElo "2259"]
[BlackElo "2360"]
[TimeControl "180+2"]
[EndTime "14:22:39 PST"]
[Termination "LuisFSiles won by resignation"]

1. e4 e5 2. Nf3 Nc6 3. Bc4 Bc5 4. O-O Nf6 5. d4 exd4 6. e5 d5 7. exf6 dxc4 8. fxg7 Rg8 9. Bg5 Be7 10. Bxe7 Qxe7 11.
Nxd4 Nxd4 12. Qxd4 Be6 13. Nc3 Rd8 14. Qxa7 Rxg7 15.
Qxb7 Kf8 16. Rfe1 Qg5 17. Rad1 Bd5 18. Qb4+ Kg8 19. g3 c6 20. Qe7 Qxe7 21. Rxe7 Rg5 22. f4 Rf5 23. Rde1 Be6 24. Kf2 h5 25. Ne4 Rb5 26. b3 cxb3 27. axb3 Kf8 28. Rc7 Bd5 29. Ng5 Ra5 30. c4 Ra2+ 31. Re2 Re8 32. Rxa2 1-0

[Event "*** Titled Tuesday Blitz"]
[Site "Chess.com"]
[Date "2019.02.05"]
[Round "6"]
[White "maciek_92"]
[Black "NateSolon"]
[Result "1-0"]
[WhiteElo "2745"]
[BlackElo "2538"]
[TimeControl "180+2"]
[EndTime "14:22:44 PST"]
[Termination "maciek_92 won by checkmate"]

1. e4 c5 2. Nf3 d6 3. d4 cxd4 4. Nxd4 Nf6 5. Nc3 Nc6 6. Bg5 Bd7 7. Qd2 Rc8 8. Bxf6 gxf6 9. f4 Qb6 10. Nb3 f5 11. Nd5 Qd8 12. Bd3 fxe4 13. Bxe4 e6 14. Ne3 d5 15. Bf3 Bg7 16. c3 O-O 17. O-O Qb6 18.
Kh1 Rfd8 19. f5 Bh6 20. Rae1 Ne5 21. Qf2 Nd3 22. Qg3+ Kh8 23. Ng4 Bf4 24. Qh4 exf5 25. Nf6 h6 26. Re7 Bg5 27. Rxf7 Qxf6 28. Rxf6 Bxh4 29. Rxh6+ Kg7 30. Rxh4 Nxb2 31. Bxd5 Rxc3 32. Bxb7 Nd3 33. h3 Rc2 34. Nd4 Rxa2 35. Nxf5+ Bxf5 36. Rxf5 a5 37. Rg4+ Kh6 38. Rf6+ Kh5 39. Rg7 Rb2 40. Bf3+ Kh4 41. Rh6# 1-0

[Event "*** Titled Tuesday Blitz"]
[Site "Chess.com"]
[Date "2019.02.05"]
[Round "6"]
[White "cherryandmint"]
[Black "nubair1198"]
[Result "1-0"]
[WhiteElo "2631"]
[BlackElo "2651"]
[TimeControl "180+2"]
[EndTime "14:22:44 PST"]
[Termination "cherryandmint won by resignation"]

1. e4 g6 2. d4 Bg7 3. Nf3 c6 4. Be2 d6 5. O-O Nf6 6. Nc3 O-O 7. Re1 e5 8. dxe5 dxe5 9. Qxd8 Rxd8 10. Nxe5 Nxe4 11. Nxe4 Bxe5 12. Bg5 Re8 13. Bc4 Be6 14. Bxe6 Rxe6 15. Nc5 Re8 16. Bf6 b6 17. Nd3 Bxf6 18. Rxe8+ Kg7 19. Nb4 c5 20. Na6 Nxa6 21. Rxa8 Bxb2 22.
Rb1 Bd4 23. Rxa7 Nb4 24. Rxb4 cxb4 25. Kf1 Kf6 26. f4 h5 27. Ke2 Ke6 28. Kf3 Bc5 29.
h3 f5 30. g4 hxg4+ 31. hxg4 fxg4+ 32. Kxg4 Kd5 33. Rg7 Kc4 34. Rxg6 Kc3 35. f5 Kxc2 36. Kf4 Kb2 37. Rg2+ Ka3 38. Ke5 b3 39. axb3 Kxb3 40.
Kd5 Be7 41. Rg7 Bf8 42. Rb7 Bc5 43. f6 Ka4 44. f7 Ka5 45. Kc6 Ka6 46. Rxb6+ Bxb6 47. f8=Q Ka7 48. Qe7+ 1-0

[Event "*** Titled Tuesday Blitz"]
[Site "Chess.com"]
[Date "2019.02.05"]
[Round "6"]
[White "Zaven_ChessMood"]
[Black "metra93"]
[Result "1-0"]
[WhiteElo "2860"]
[BlackElo "2559"]
[TimeControl "180+2"]
[EndTime "14:22:45 PST"]
[Termination "Zaven_ChessMood won by checkmate"]

1. e4 e6 2. d3 d5 3. Nd2 Nf6 4. Ngf3 Be7 5. g3 O-O 6. Bg2 c5 7. O-O Nc6 8. Re1 Ne8 9. Qe2 Nc7 10. Nf1 a5 11. e5 a4 12. a3 f5 13. h4 Bd7 14. c4 Be8 15. Bf4 Bh5 16. Qe3 d4 17. Qc1 Na5 18. N1d2 h6 19. b4 axb3 20. Rb1 g5 21. Nxb3 gxf4 22. Qxf4 Kg7 23. Nxa5 Rxa5 24. Rxb7 Rxa3 25. Reb1 Rxd3 26. Ra7 Bxf3 27. Bxf3 Bg5 28. hxg5 hxg5 29. Rxc7+ Kg6 30. Rb6 Re8 31. Bh5+ Kxh5 32. g4+ Kh6 33. Qh2+ Kg6 34. Qh5# 1-0